Map: [ESL] Goldenaura

Players

HeroMarine

  • Race: Terran Terran
  • Spawn Location: 12:00

Harstem - Winner!

  • Race: Protoss Protoss
  • Spawn Location: 5:00

Event: ESL SC2 Masters 2024 Spring (Regional)

VOD

Have the link to the VOD?

Description

Time

  • Played on: May 4, 2024, 9:33 a.m.
  • Length: 16:18

All games in this series

Show
View Real Time Build Order
Export as new Build Order

HeroMarine Terran 

Build Orders:  

Get SALT Encoding   

  12  0:00  SCV  
  13  0:12  SCV  
  14  0:17  Supply Depot  
  14  0:24  SCV  
  15  0:38  SCV  
  15  0:40  Barracks  
  16  0:43  Refinery  
  16  0:50  SCV  
  16  0:53  Refinery  
  17  1:03  SCV  
  18  1:15  SCV  
  19  1:28  Supply Depot  
  19  1:33  Orbital Command, Reaper  
  20  1:42  Factory  
  20  1:59  SCV  
  21  2:06  Barracks Reactor  
  21  2:12  SCV  
  22  2:20  Command Center  
  22  2:24  SCV  
  23  2:30  Starport  
  23  2:36  SCV  
  24  2:39  Widow Mine  
  28  2:46  Supply Depot  
  28  2:47  Marine  
  28  2:48  Marine  
  28  2:50  SCV  
  29  3:01  Cyclone  
  31  3:07  Marine x2  
  31  3:08  SCV  
  34  3:16  Medivac  
  36  3:20  SCV  
  36  3:25  Marine x2  
  39  3:32  SCV, Orbital Command  
  40  3:37  Cyclone  
  42  3:43  Marine  
  42  3:44  SCV  
  42  3:46  Marine  
  45  3:52  Viking  
  47  3:56  SCV  
  47  3:58  SCV  
  49  4:03  Supply Depot  
  49  4:04  Marine  
  49  4:06  Marine  
  49  4:08  SCV  
  52  4:10  SCV  
  52  4:16  Factory Tech Lab  
  53  4:20  SCV  
  54  4:24  SCV  
  54  4:25  Marine x2  
  53  4:32  SCV  
  53  4:33  Starport Tech Lab  
  53  4:34  Supply Depot  
  53  4:35  Barracks  
  53  4:36  SCV, Siege Tank  
  57  4:44  SCV  
  58  4:47  Marine x2  
  58  4:48  SCV, Barracks  
  60  4:57  SCV  
  60  4:58  Raven  
  62  5:00  SCV, Engineering Bay  
  62  5:05  Refinery, Marine x2  
  65  5:09  SCV  
  65  5:13  SCV  
  67  5:15  Siege Tank  
  70  5:28  Supply Depot  
  70  5:31  Terran Infantry Weapons Level 1  
  70  5:33  SCV  
  70  5:36  Refinery  
  70  5:37  Command Center  
  70  5:38  Barracks Tech Lab  
  70  5:42  SCV, Barracks  
  70  5:44  Barracks  
  70  5:45  Stimpack  
  70  5:49  SCV  
  71  5:50  Marine x2  
  71  5:51  Supply Depot  
  71  5:54  SCV  
  74  5:59  Siege Tank  
  74  6:02  SCV  
  74  6:04  Marine  
  77  6:10  Starport Reactor  
  78  6:12  SCV, Supply Depot, Marine  
  78  6:14  SCV  
  81  6:25  SCV  
  80  6:26  SCV, Marine  
  80  6:31  Siege Tank  
  78  6:35  Marine x2  
  78  6:37  SCV  
  78  6:38  SCV  
  78  6:39  Marine x2  
  80  6:41  Marine  
  80  6:44  Marine  
  78  6:49  SCV  
  78  6:50  SCV  
  78  6:53  Medivac x2, Marine x2  
  83  6:57  Marine x2  
  83  6:59  Marine  
  83  7:01  SCV  
  84  7:02  Orbital Command, Marine  
  84  7:04  Combat Shield  
  86  7:09  SCV  
  86  7:11  Marine  
  91  7:17  Barracks Tech Lab, Barracks Reactor  
  91  7:19  SCV  
  91  7:21  SCV  
  89  7:24  Marauder  
  89  7:25  Concussive Shells, Marauder  
  89  7:28  Factory Reactor, Orbital Command  
  91  7:30  Terran Infantry Armor Level 1  
  91  7:31  SCV  
  91  7:33  SCV, Marauder, Marine x2  
  97  7:37  Supply Depot  
  87  7:44  SCV  
  87  7:45  SCV  
  87  7:46  Marauder x2  
  87  7:51  Marine x2  
  88  7:54  Marauder, Marine x2  
  88  7:56  SCV x2  
  88  7:57  SCV  
  91  8:04  Medivac x2  
  95  8:07  Marauder x2  
  95  8:08  SCV x2, Marine  
  95  8:09  SCV, Marine  
  95  8:11  Widow Mine x2, Marine  
  95  8:12  Marine  
  110  8:16  Marauder  
  110  8:17  Refinery  
  110  8:18  Supply Depot x2  
  110  8:19  Refinery  
  112  8:20  SCV x2  
  112  8:22  SCV  
  112  8:26  Marine  
  116  8:30  Sensor Tower  
  116  8:32  SCV  
  116  8:33  Armory  
  117  8:34  Engineering Bay  
  117  8:39  SCV  
  117  8:40  Marauder  
  120  8:41  Supply Depot x2  
  120  8:42  Widow Mine x2  
  120  8:45  Marine  
  120  8:46  Marauder x2  
  129  8:49  Marine  
  129  8:50  Marine x2  
  132  8:56  Ghost Academy  
  132  9:02  Medivac x2  
  132  9:05  Marine, Marauder  
  132  9:06  Supply Depot  
  132  9:07  Supply Depot, Marauder  
  132  9:08  Marine x2  
  143  9:10  Marauder  
  136  9:21  Marine  
  136  9:22  Widow Mine x2  
  128  9:27  Command Center  
  120  9:33  Medivac x2  
  120  9:34  Terran Infantry Weapons Level 2  
  120  9:38  Terran Infantry Armor Level 2  
  111  9:41  Ghost x2  
  111  9:42  Ghost  
  111  9:45  Marine x3  
  116  9:47  Marine  
  116  9:52  Starport  
  118  9:56  Terran Ship Weapons Level 1  
  118  10:03  Viking x2  
  118  10:05  Marine x2  
  118  10:06  Marine x2  
  126  10:10  Marauder x2  
  126  10:12  Marauder  
  132  10:16  Bunker  
  132  10:18  Supply Depot x2  
  132  10:25  Marine x2  
  132  10:26  Marine x2  
  138  10:33  Marauder  
  138  10:34  Marauder  
  148  10:36  Marauder  
  150  10:43  Marine x2  
  150  10:44  Medivac x2, Marine  
  150  10:49  Marine  
  148  10:55  Marauder x2  
  150  10:58  Marauder  
  150  10:59  Liberator  
  150  11:00  Liberator  
  150  11:01  Marine x3  
  150  11:03  Barracks x2  
  150  11:04  Barracks  
  161  11:10  Marine  
  162  11:16  Marauder x2  
  162  11:19  Marauder, Marine x3  
  159  11:26  Planetary Fortress  
  159  11:28  Marine  
  159  11:30  SCV x3  
  163  11:36  Marine  
  163  11:37  Marine x3  
  163  11:38  Marauder  
  169  11:40  Marine  
  169  11:42  SCV x2  
  169  11:43  SCV  
  169  11:46  Marine  
  169  11:54  Barracks Tech Lab x2, Barracks Reactor, Marine x2  
  169  11:55  Ghost, Marine  
  169  11:58  Ghost, Marine  
  169  12:00  Terran Infantry Weapons Level 3, Terran Infantry Armor Level 3  
  169  12:04  Medivac, Marine  
  172  12:11  Ghost  
  172  12:12  Marine x2  
  172  12:13  Marine  
  177  12:16  Ghost  
  177  12:18  Ghost  
  174  12:24  Marauder  
  174  12:27  Marauder  
  173  12:37  Marine x3  
  173  12:41  Medivac x2, Marauder  
  173  12:43  Marine  
  182  12:45  Marauder x2  
  182  12:47  SCV x2, Marauder  
  182  12:48  Marauder  
  182  12:49  Marine  
  165  13:06  Marine x3  
  165  13:08  Marauder  
  165  13:09  Marauder  
  165  13:10  Ghost  
  165  13:11  Marauder  
  163  13:16  Medivac  
  163  13:17  Medivac  
  158  13:20  Marauder  
  158  13:26  Marine x2  
  136  13:28  Marine x2  
  136  13:29  Marauder, Marine  
  136  13:31  Marauder  
  136  13:32  Marine  
  136  13:34  Marine  
  143  13:38  Marine  
  143  13:40  Marine  
  143  13:46  Marine  
  143  13:47  Marine x3  
  135  13:49  Marine  
  135  13:50  Ghost  
  135  13:52  Marauder  
  135  13:54  Marine x2  
  132  13:56  Marine  
  132  13:58  Marine  
  134  14:04  Marine  
  134  14:06  Marine x2  
  134  14:12  Marauder  
  134  14:15  Orbital Command  
  134  14:16  Marauder  
  138  14:17  Missile Turret  
  138  14:22  Missile Turret, Marine  
  136  14:26  Ghost  
  130  14:36  Ghost  
  130  14:37  Marauder x2  
  123  14:48  Marauder  
  102  14:55  Marauder  
  102  14:56  Marine x6  
  102  14:58  Marine  
  108  15:00  Marine  
  108  15:05  Marine  
  108  15:09  Marine  
  108  15:14  Marine x3  
  109  15:15  Marine x2  
  109  15:16  Marauder  
  115  15:23  Marauder  
  115  15:26  Marine  
  115  15:28  Missile Turret  
  118  15:29  Marine  
  118  15:30  Marine  
  120  15:38  Marauder, Marine  
  120  15:40  Marine  
  124  15:46  Ghost  
  128  15:50  Marauder  
  128  15:51  Marine x2  
  128  15:55  Missile Turret  
  128  15:56  Marine  
  129  15:59  Marine  
  129  16:00  Marine  
Show
View Real Time Build Order
Export as new Build Order

Harstem Protoss - Winner!

Build Orders: 1 Gate Expand, Blink Stalkers 

Get SALT Encoding   

  12  0:00  Probe  
  13  0:12  Probe  
  14  0:17  Pylon  
  14  0:24  Probe (Chrono Boost)  
  15  0:36  Probe (Chrono Boost), Gateway  
  16  0:45  Probe (Chrono Boost)  
  16  0:46  Assimilator  
  17  0:51  Probe  
  18  1:03  Probe  
  19  1:15  Probe  
  20  1:24  Cybernetics Core  
  20  1:32  Nexus  
  20  1:39  Pylon  
  20  1:41  Probe  
  21  1:50  Assimilator  
  21  1:53  Probe  
  22  1:58  Adept (Chrono Boost)  
  22  2:01  Warp Gate  
  24  2:05  Probe  
  24  2:17  Probe  
  24  2:18  Adept (Chrono Boost)  
  27  2:29  Probe  
  28  2:32  Twilight Council  
  28  2:41  Probe  
  28  2:43  Stalker  
  31  2:45  Probe  
  32  2:53  Probe  
  32  2:57  Probe  
  34  3:00  Blink (Chrono Boost), Gateway  
  34  3:06  Probe  
  34  3:10  Probe  
  36  3:15  Stalker  
  36  3:18  Probe  
  39  3:22  Probe  
  40  3:28  Pylon  
  40  3:34  Robotics Facility  
  40  3:41  Probe  
  41  3:45  Probe  
  42  3:53  Stalker, Probe  
  42  3:55  Stalker  
  47  3:57  Probe  
  47  3:58  Pylon  
  48  4:05  Probe  
  48  4:09  Probe  
  50  4:17  Probe  
  50  4:19  Stalker x2  
  50  4:21  Probe  
  56  4:29  Probe  
  56  4:31  Nexus  
  56  4:32  Observer  
  56  4:34  Probe  
  56  4:38  Pylon  
  58  4:41  Probe  
  58  4:43  Pylon  
  59  4:46  Probe  
  59  4:47  Assimilator, Stalker  
  62  4:56  Probe  
  62  4:58  Probe  
  64  5:01  Charge (Chrono Boost)  
  64  5:03  Forge  
  64  5:07  Gateway  
  64  5:08  Probe  
  64  5:10  Probe  
  66  5:16  Stalker  
  66  5:20  Probe  
  67  5:22  Probe  
  67  5:25  Stalker  
  70  5:32  Probe  
  70  5:34  Probe  
  70  5:35  Protoss Ground Armor Level 1 (Chrono Boost)  
  72  5:37  Gateway  
  72  5:39  Warp Prism (Chrono Boost), Gateway  
  72  5:43  Probe  
  72  5:44  Probe  
  72  5:46  Probe  
  72  5:47  Stalker  
  79  5:56  Stalker, Probe x2  
  81  5:58  Probe  
  81  6:03  Zealot  
  82  6:07  Pylon  
  82  6:08  Probe x2  
  84  6:13  Stalker  
  84  6:16  Immortal (Chrono Boost), Probe  
  87  6:20  Probe  
  87  6:22  Pylon  
  90  6:27  Stalker x2  
  84  6:33  Stalker x2  
  82  6:40  Stalker  
  82  6:43  Probe  
  83  6:53  Stalker x2  
  83  6:55  Probe  
  83  7:00  Zealot x2  
  83  7:01  Probe  
  87  7:03  Gateway  
  87  7:05  Immortal (Chrono Boost), Gateway  
  89  7:10  Probe  
  89  7:13  Probe  
  90  7:18  Protoss Ground Weapons Level 1 (Chrono Boost)  
  90  7:19  Probe  
  90  7:20  Sentry  
  90  7:21  Zealot x4, Shield Battery  
  101  7:23  Nexus  
  101  7:26  Gateway  
  101  7:33  Probe x2  
  101  7:35  Assimilator  
  103  7:39  Pylon  
  103  7:42  Zealot x4  
  93  7:48  Zealot x5  
  93  7:49  Probe  
  89  7:55  Probe  
  89  7:58  Probe  
  87  8:00  Warp Prism (Chrono Boost)  
  87  8:01  Probe  
  87  8:02  Zealot, Sentry  
  94  8:07  Robotics Bay, Probe  
  94  8:10  Probe  
  94  8:11  Pylon, Sentry, Zealot x2  
  102  8:13  Probe  
  102  8:15  Zealot x2  
  102  8:19  Probe  
  108  8:22  Probe  
  108  8:23  Robotics Facility  
  108  8:26  Observer (Chrono Boost)  
  109  8:32  Zealot  
  109  8:33  Stalker x2  
  116  8:35  Probe  
  116  8:38  Photon Cannon  
  119  8:42  Pylon  
  119  8:45  Zealot x5, Observer  
  119  8:53  Disruptor (Chrono Boost), Probe  
  120  9:00  Assimilator  
  124  9:03  Zealot  
  124  9:04  Shield Battery  
  124  9:07  Assimilator, Stalker x3  
  124  9:08  Shield Battery  
  126  9:19  Zealot x4  
  114  9:24  Disruptor (Chrono Boost)  
  114  9:33  Zealot x4  
  114  9:34  Protoss Ground Weapons Level 2 (Chrono Boost)  
  127  9:38  Probe  
  127  9:41  Probe  
  127  9:42  Forge, Probe  
  129  9:47  Observer  
  129  9:48  Disruptor (Chrono Boost)  
  129  9:51  Photon Cannon  
  129  9:52  Disruptor (Chrono Boost)  
  129  9:56  Zealot  
  129  9:57  Nexus  
  129  9:58  Pylon  
  135  10:02  Pylon, Stalker x3  
  135  10:05  Pylon  
  141  10:11  Zealot x2, Stalker  
  147  10:17  Pylon, Protoss Ground Armor Level 2 (Chrono Boost)  
  147  10:19  Disruptor (Chrono Boost)  
  147  10:27  Zealot x4  
  157  10:37  Photon Cannon  
  157  10:38  Gateway  
  157  10:46  Zealot x4  
  157  10:47  Zealot x3  
  169  10:55  Disruptor  
  169  10:56  Disruptor  
  177  11:01  Pylon  
  177  11:02  Dark Shrine  
  177  11:12  Stalker x4  
  177  11:14  Probe  
  180  11:30  Stalker x4  
  180  11:31  Disruptor, Warp Prism  
  194  11:34  Probe (Chrono Boost)  
  194  11:37  Protoss Ground Weapons Level 3  
  197  11:40  Probe x4 (Chrono Boost)  
  197  11:43  Probe (Chrono Boost)  
  195  11:47  Probe (Chrono Boost)  
  195  11:48  Zealot x2  
  189  12:04  Stalker x6  
  198  12:15  Dark Templar  
  200  12:22  Protoss Ground Armor Level 3  
  196  12:24  Nexus  
  180  12:34  Stalker  
  180  12:35  Zealot, Stalker x5  
  190  12:41  Assimilator  
  190  12:46  Assimilator  
  190  12:48  Zealot, Dark Templar  
  190  12:49  Pylon  
  192  12:52  Disruptor (Chrono Boost)  
  192  12:57  Zealot  
  184  13:02  Zealot x5  
  188  13:09  Dark Templar  
  188  13:10  Zealot  
  186  13:17  Colossus (Chrono Boost)  
  178  13:23  Zealot x2  
  178  13:29  Pylon x2  
  178  13:32  Stalker  
  178  13:36  Nexus  
  178  13:40  Zealot x4, Stalker  
  174  13:47  Zealot x2, Stalker  
  157  13:51  Probe x2  
  157  13:52  Probe  
  141  13:59  Probe (Chrono Boost)  
  141  14:00  Dark Templar  
  141  14:01  Zealot x4  
  140  14:03  Probe (Chrono Boost)  
  140  14:05  Stalker  
  140  14:07  Probe (Chrono Boost)  
  145  14:11  Probe (Chrono Boost)  
  145  14:13  Probe (Chrono Boost)  
  145  14:15  Probe (Chrono Boost)  
  145  14:17  Probe (Chrono Boost)  
  136  14:18  Probe (Chrono Boost)  
  136  14:20  Zealot x3, Probe (Chrono Boost)  
  136  14:21  Probe (Chrono Boost)  
  136  14:22  Probe (Chrono Boost)  
  132  14:24  Zealot  
  132  14:25  Zealot x2, Probe  
  132  14:30  Probe  
  134  14:32  Probe  
  134  14:34  Probe  
  134  14:36  Zealot x2, Dark Templar  
  134  14:37  Probe, Colossus (Chrono Boost)  
  134  14:42  Probe  
  134  14:44  Probe  
  137  14:46  Probe  
  137  14:50  Probe  
  137  14:51  Stalker x3  
  137  14:52  Stalker x2  
  135  14:56  Probe  
  135  14:58  Probe x2  
  138  15:02  Probe  
  138  15:04  Dark Templar  
  140  15:09  Stalker x2  
  140  15:12  Probe  
  140  15:13  Zealot  
  147  15:14  Probe  
  147  15:19  Zealot x2  
  147  15:20  Zealot x3, Disruptor (Chrono Boost)  
  162  15:34  Sentry, Stalker x2, Disruptor (Chrono Boost)  
  167  15:35  Probe  
  167  15:39  Dark Templar  
  163  15:47  Zealot  
  169  15:50  Zealot x4  
  177  15:58  Stalker x3  
  181  16:09  Zealot  
  181  16:10  Zealot x2, Dark Templar  
  181  16:11  Zealot  
Tags
 
Add a new tag
Caveats
  • Supply blocks, unpowered buildings, or Contaminate may cause inaccurate times.
  • Supply counts are checked every 10 seconds.